 Dungeon Crawl Stone Soup version 0.23.2-1-ga50397a (webtiles) character file.

Game seed: 3645822414096978049

529 TrebMcFLY the Slinger (level 7, 46/46 HPs)
             Began as a Halfling Hunter on May 13, 2019.
             Quit the game on level 5 of the Dungeon on May 14, 2019.
             The game lasted 00:13:55 (3865 turns).

TrebMcFLY the Slinger (Halfling Hunter)             Turns: 3865, Time: 00:13:56

Health: 46/46      AC: 10    Str: 15    XL:     7   Next: 48%
Magic:  7/7        EV: 12    Int:  9    God:
Gold:   239        SH:  0    Dex: 15    Spells: 6/6 levels left

rFire    + + .     SeeInvis .   a - +1 hunting sling
rCold    x . .     Gourm    .   (shield restricted)
rNeg     . . .     Faith    .   q - +0 fire dragon scales
rPois    +         Spirit   .   y - +0 helmet
rElec    .         Reflect  .   (no cloak)
rCorr    .         Harm     .   (no gloves)
MR       +....                  (no boots)
Stlth    ..........             (no amulet)
HPRegen  0.15/turn              p - ring of protection from magic
MPRegen  0.10/turn              l - ring of poison resistance

@: drained
A: small, mutation resistance 1
a: no special abilities


You were on level 5 of the Dungeon.
You were hungry.

You visited 1 branch of the dungeon, and saw 5 of its levels.

You collected 239 gold pieces.

Inventory:

Hand Weapons
 a - a +1 hunting sling (weapon)
 b - a +0 short sword
 n - a +0 flail
 v - a +0 spear
Missiles
 d - 44 sling bullets
 e - 153 stones (quivered)
Armour
 q - +0 fire dragon scales (worn)
 y - a +0 helmet (worn)
Jewellery
 l - a ring of poison resistance (right hand)
 p - a ring of protection from magic (left hand)
Wands
 m - a wand of polymorph (11)
Scrolls
 g - 8 scrolls of identify
 h - a scroll of fog
 k - a scroll of teleportation
 o - a scroll of torment {unknown}
 z - a scroll of fear {unknown}
 A - 2 scrolls of amnesia {unknown}
Potions
 i - 3 potions of curing {unknown}
 j - 2 potions of agility
 r - a potion of magic {unknown}
 s - 3 potions of flight {unknown}
 t - a potion of heal wounds {unknown}
 u - a potion of haste {unknown}
 x - a potion of lignification {unknown}
 B - a potion of experience {unknown}
 C - a potion of ambrosia {unknown}
 D - a potion of brilliance {unknown}
Comestibles
 f - 7 rations


   Skills:
 + Level 3.3(2.6) Fighting
 * Level 9.0(8.1) Slings
 + Level 3.4(2.6) Armour
 + Level 4.1(3.4) Dodging
 - Level 1.1(0.4) Stealth


You had 6 spell levels left.
You didn't know any spells.
Your spell library was empty.

Dungeon Overview and Level Annotations

Branches:
Dungeon (5/15)
 Temple: D:4-7

Altars:
Dithmenos

Shops:
D:4 =[


Innate Abilities, Weirdness & Mutations

You are small and have problems with some larger weapons.
You are somewhat resistant to further mutation.


Message History

Found a hunting sling.
f - 7 rations (gained 1)
You now have 216 gold pieces (gained 12).
e - 135 stones (gained 14)
e - 153 stones (gained 18)
You now have 222 gold pieces (gained 6).
Found a war axe.
Found a stone staircase leading down.
You now have 226 gold pieces (gained 4).
All of the chunks of flesh in your inventory have rotted away.
Found a stone staircase leading down.
You now have 239 gold pieces (gained 13).
Found a ring mail.
You are feeling hungry.
Done exploring.
Done exploring.
Welcome back, TrebMcFLY the Halfling Hunter.
Press ? for a list of commands and other information.
Unknown command.
Are you sure you want to abandon this character and quit the game? (Confirm with "yes".)

####...............#.# ##.
####......###.#...### #..
####...#### #...#...## #.#
####.........# ###...#..## ###..
.....##>.###.#######..#..####....
####.....# #....# ##.......#....
#.###.# ####.### #.......#....
#.# #.######...###............
####.###..##....@................
......##.....#####...######......
..........#### ###........#....
.......##.####### ###............
......#.........# #...####.......
......#......>..###.### #.......
......#.........#...# #.......
#######.........#.### #.......
#...........# #.......


There were no monsters in sight!

Vanquished Creatures
  A slave (D:4)
  A centaur (D:3)
  2 howler monkeys (D:5)
  A crimson imp (D:5)
  A gnoll shaman (D:4)
  An orc priest (D:3)
  A bullfrog skeleton (D:5)
  An iguana (D:5)
  8 gnolls
  6 adders
  A shadow imp (D:5)
  An adder zombie (D:5)
  2 adder skeletons
  A worm (D:4)
  A dart slug (D:1)
  2 leopard geckos (D:5)
  4 orcs (D:3)
  2 ball pythons
  10 giant cockroaches
  5 goblins
  6 hobgoblins
  4 jackals (D:5)
  4 kobolds
  A quokka (D:4)
  9 bats
  3 frilled lizards
  4 rats
83 creatures vanquished.

Notes
Turn   | Place    | Note
-------+----------+-------------------------------------------
     0 | D:1      | TrebMcFLY the Halfling Hunter began the quest for the Orb.
     0 | D:1      | Reached XP level 1. HP: 14/14 MP: 1/1
    11 | D:1      | Reached skill level 6 in Slings
   113 | D:1      | Reached XP level 2. HP: 19/19 MP: 2/2
   571 | D:1      | Reached skill level 1 in Armour
   571 | D:1      | Reached XP level 3. HP: 24/24 MP: 3/3
  1202 | D:2      | Reached XP level 4. HP: 29/29 MP: 4/4
  1826 | D:3      | Reached skill level 7 in Slings
  1981 | D:3      | Noticed a centaur
  1987 | D:3      | Killed a centaur
  1987 | D:3      | Reached XP level 5. HP: 26/35 MP: 5/5
  2181 | D:3      | Reached XP level 6. HP: 41/41 MP: 6/6
  2738 | D:4      | Found Luwn's Antique Armour Shoppe.
  2882 | D:4      | Reached skill level 8 in Slings
  3107 | D:4      | Found Ketuclamm's Jewellery Shop.
  3145 | D:4      | Noticed a slave
  3184 | D:4      | Killed a slave
  3208 | D:5      | Entered Level 5 of the Dungeon
  3238 | D:5      | Reached XP level 7. HP: 40/46 MP: 7/7
  3318 | D:5      | Found a shadowy altar of Dithmenos.
  3529 | D:5      | Found a glowing drain.
  3680 | D:5      | Reached skill level 9 in Slings
  3865 | D:5      | Quit the game

Skill      XL: |  1  2  3  4  5  6  7 |
---------------+----------------------+-----
Slings         | 6 7 8 9 |  9.0
Fighting       | 2 3 |  3.3
Armour         | 1 2 3 |  3.4
Dodging        | 3 4 |  4.1
Stealth        | |  1.1

Action                   |  1- 3 |  4- 6 |  7- 9 || total
-------------------------+-------+-------+-------++-------
 Fire: Hunting sling     |    78 |   214 |    94 ||   386
  Use: Scroll            |       |     4 |       ||     4
  Eat: Chunk             |       |     6 |     2 ||     8
Armor: Leather armour    |     4 |     1 |       ||     5
       Fire dragon scale |       |    22 |    23 ||    45
Dodge: Dodged            |    27 |    46 |    54 ||   127
